 Dungeon Crawl Stone Soup version 0.26.0-16-gc1dbca0489 (webtiles) character file.

Game seed: 13483428967814605357

53 zcampers the Chopper (level 3, -1/49 HPs)
             Began as a Minotaur Berserker on Jan 21, 2021.
             Was a Follower of Trog.
             Slain by Grinder (5 damage)
             ... on level 3 of the Dungeon.
             The game lasted 00:02:33 (1656 turns).

zcampers the Chopper (Minotaur Berserker)           Turns: 1656, Time: 00:02:34

Health: -1/49      AC:  6    Str: 18 (21) XL:     3   Next: 64%
Magic:  2/2        EV: 11    Int:  4 (5)  God:    Trog [*.....]
Gold:   65         SH:  0    Dex:  7 (9)  Spells: 2/2 levels left

rFire    . . .     SeeInvis .   a - +0 hand axe
rCold    . . .     Faith    .   (no shield)
rNeg     . . .     Spirit   .   l - +1 ring mail
rPois    .         Reflect  .   (helmet restricted)
rElec    .         Harm     .   (no cloak)
rCorr    .         Rampage  .   (no gloves)
Will     .....                  (no boots)
Stlth    ..........             m - amulet of magic regeneration
HPRegen  0.16/turn              (no ring)
MPRegen  0.33/turn              (no ring)

@: berserking (expiring), very quick
A: retaliatory headbutt, horns 2
a: Renounce Religion, Berserk


You were on level 3 of the Dungeon.
You worshipped Trog.
Trog was aware of your devotion.
You visited 1 branch of the dungeon, and saw 3 of its levels.

You collected 65 gold pieces.

Inventory:

Hand Weapons
 a - a +0 hand axe (weapon)
Missiles
 h - 7 atropa-tipped darts (quivered)
Armour
 b - a +0 kite shield
 l - a +1 ring mail (worn)
Jewellery
 m - an amulet of magic regeneration (around neck)
Wands
 k - a wand of digging (5)
Scrolls
 c - a scroll of amnesia {unknown}
 d - 4 scrolls of remove curse
 j - a scroll of identify
 o - a scroll of magic mapping
Potions
 g - a potion of degeneration


   Skills:
 + Level 4.3 Fighting
 + Level 4.5 Axes
 + Level 2.8 Armour
 + Level 2.6 Dodging
 + Level 0.1 Stealth


You had 2 spell levels left.
You didn't know any spells.
Your spell library was empty.

Dungeon Overview and Level Annotations

Branches:
Dungeon (3/15)

Altars:
Makhleb
Sif Muna

Annotations:
D:3 Grinder


Innate Abilities, Weirdness & Mutations

You reflexively headbutt those who attack you in melee.
You have a pair of horns on your head.


Message History

Grinder is moderately wounded.
Grinder hits you!
You writhe in agony.
You closely miss Grinder.
Grinder is moderately wounded.
Grinder gestures at you. Pain shoots through your body!
You closely miss Grinder.
Grinder is moderately wounded.
You closely miss Grinder.
Grinder is moderately wounded.
Grinder hits you.
You writhe in agony.
Grinder hits you!
* * * LOW HITPOINT WARNING * * *
You slash Grinder!
Grinder is moderately wounded.
You hit Grinder.
Grinder is heavily wounded.
Grinder says, "FISH!"
Grinder hits you.
You die...

#. #.#.# ##.##.##.#.#
....#.##.#.#
#.........# #.
##..#......# #.#
##....##....#####
....#........<.......
#.#.##.......@5.###.#
.....................
#........###...?.##.#
#.#.##†..###....##
........†.......#
#.#.##...####.....
...................
####.#.##...####..###..
≈≈≈#.....##≈..)...# ##


You could see Grinder (strong).

Vanquished Creatures
  2 adders (D:2)
  A worm (D:2)
  A dart slug (D:1)
  A leopard gecko (D:2)
  4 goblins
  3 hobgoblins
  8 kobolds
  A quokka (D:2)
  6 bats
  4 rats
31 creatures vanquished.

Notes
Turn   | Place    | Note
-------+----------+-------------------------------------------
     0 | D:1      | zcampers the Minotaur Berserker began the quest for the
                  | Orb.
     0 | D:1      | Reached XP level 1. HP: 19/19 MP: 0/0
   420 | D:1      | Reached XP level 2. HP: 20/27 MP: 1/1
  1004 | D:2      | Found a shimmering blue altar of Sif Muna.
  1094 | D:2      | Reached XP level 3. HP: 20/33 MP: 2/2
  1286 | D:2      | Found a burning altar of Makhleb.
  1635 | D:3      | Noticed Grinder
  1656 | D:3      | Slain by Grinder

Illustrated notes

Levels and vault maps discovered:
D:1:      minmay_arrival_four_houses, layout_loops_ring
D:2:      layout_rooms, lemuel_coloured_pillars_altar, old_standard_altar
D:3:      layout_basic, nicolae_overflow_hidden_temple,
          chequers_serial_rivers_large_b, hangedman_decor_push,
          kennysheep_generic_room_16, uniq_grinder

Skill      XL: |  1  2 |
---------------+-------+-----
Fighting       | 4 |  4.3
Axes           | 4 |  4.5
Armour         | |  2.8
Dodging        | |  2.6
Stealth        | |  0.1

Action                   || total
-------------------------++-------
Melee: Hand axe          ||    71
       Headbutt          ||     6
Throw: Dart              ||     1
Invok: Berserk           ||     1
  Use: Scroll            ||     5
       Potion            ||     4
Armor: Animal skin       ||     5
       Ring mail         ||    17
Dodge: Dodged            ||    46
Block: Kite shield       ||     5
